 Dungeon Crawl Stone Soup version 0.32-a0-960-g3814254bd7 (webtiles) character file.

Game seed: 11879003078866913177

268 Autsider the Cutter (level 6, 0/32 HPs)
             Began as a Vine Stalker Berserker on Apr 17, 2024.
             Was a Believer of Trog.
             Slain by a goblin
             ... wielding a +0 dagger
             ... led by Robin
              (1 damage)
             ... on level 3 of the Dungeon.
             The game lasted 00:04:29 (954 turns).

Autsider the Cutter (Vine Stalker Berserker)         Turns: 954, Time: 00:04:29

Health: 0/32       AC:  2    Str: 20    XL:     6   Next: 21%
Magic:  0/7        EV: 11    Int:  7    God:    Trog [**....]
Gold:   66         SH:  5    Dex: 15    Spells: 5/5 levels left

rFire   . . .        a - +0 short sword
rCold   . . .        (no shield)
rNeg    + . .        b - +0 animal skin
rPois   .            (no helmet)
rElec   .            (no cloak)
rCorr   .            (no gloves)
SInv    .            (no boots)
Will    .....        h - amulet of reflection
Stlth   +            e - ring of positive energy
HPRegen 1.05/turn    (no ring)
MPRegen 0.10/turn

%: reflection, guardian spirit
@: on berserk cooldown, slowed, very slow
A: fangs 2, regeneration 1, magic shield, antimagic bite, no potion heal 2
a: Renounce Religion, Berserk, Trog's Hand


You were on level 3 of the Dungeon.
You worshipped Trog.
Trog was pleased with you.
You visited 1 branch of the dungeon, and saw 3 of its levels.

You collected 66 gold pieces.

Inventory:

Hand Weapons
 a - a +0 short sword (weapon)
Armour
 b - a +0 animal skin (worn)
Jewellery
 e - a ring of positive energy (left hand)
 h - an amulet of reflection (around neck)
Scrolls
 f - a scroll of poison {unknown}
 g - a scroll of revelation {unknown}
Potions
 c - a potion of haste {unknown}
 d - a potion of berserk rage {unknown}
 i - a potion of lignification {unknown}
 j - a potion of degeneration {unknown}


   Skills:
 + Level 3.4 Fighting
 * Level 4.7 Short Blades
 + Level 2.5 Armour
 + Level 2.5 Dodging


You had 5 spell levels left.
You didn't know any spells.
Your spell library was empty.

Dungeon Overview and Level Annotations

Branches:
Dungeon (2/15)

Altars:


Innate Abilities, Weirdness & Mutations

You have extremely sharp teeth.
Your natural rate of healing is unusually fast.
When hurt, damage is shared between your health and your magic reserves.
Your bite disrupts and absorbs the magic of your enemies.
Potions cannot restore your health.


Message History

The hobgoblin hits you!
* * * LOW HITPOINT WARNING * * *
Robin closely misses you. The goblin barely misses you.
The kobold hits you with a +0 club.
* * * LOW HITPOINT WARNING * * *
Okay, then.
Okay, then.
Okay, then.
You hit Robin.
You kill Robin!
Trog accepts your kill. The goblin hits you but does no damage.
You block the goblin's attack. The hobgoblin barely misses you.
The kobold barely misses you.
You barely miss the hobgoblin. The goblin closely misses you.
The hobgoblin closely misses you. You block the goblin's attack.
The kobold misses you.
You hit the hobgoblin.
The hobgoblin is moderately wounded.
The goblin hits you but does no damage. You block the hobgoblin's attack.
The goblin barely misses you. The kobold misses you.
You hit the hobgoblin.
You kill the hobgoblin!
Trog accepts your kill. The goblin barely misses you.
The goblin hits you with a +0 dagger.
* * * LOW HITPOINT WARNING * * *
You block the kobold's attack.
You hit the goblin. Your bite misses the goblin.
The goblin is heavily wounded.
Your skin stops crawling.
You feel less strong-willed.
The goblin no longer looks unusually strong.
The goblin hits you with a +0 dagger.
* * * LOW HITPOINT WARNING * * *
The goblin hits you with a +0 dagger.
* * * LOW HITPOINT WARNING * * *
The kobold hits you with a +0 club.
* * * LOW HITPOINT WARNING * * *
The goblin hits you with a +0 dagger.
* * * LOW HITPOINT WARNING * * *
The goblin hits you with a +0 dagger.
You die...

.... #.#..####.# .....:
##)........# ......
#........#
......#######........#
.....................#
..........#######.#...#
........#########.###...
......†gK)))....#.### #.
......g@######......#
.......)# #......#
.......## #......#
......# #......# ######
########


You could see 2 goblins and a kobold.

Vanquished Creatures
  Sigmund (D:2)
  Natasha (D:3)
  Robin (D:3)
  An adder (D:3)
  A dart slug (D:1)
  4 ball pythons
  3 bats
  4 endoplasms
  A giant cockroach (D:2)
  16 goblins
  7 hobgoblins
  4 jackals (D:1)
  A quokka (D:1)
  3 frilled lizards (D:1)
  4 kobolds
  4 rats
56 creatures vanquished.

Notes
Turn   | Place    | Note
-------+----------+-------------------------------------------
     0 | D:1      | Autsider the Vine Stalker Berserker began the quest for the
                  | Orb.
     0 | D:1      | Reached XP level 1. HP: 11/11 MP: 2/2
   126 | D:1      | Reached XP level 2. HP: 16/16 MP: 3/3
   316 | D:1      | Reached skill level 3 in Short Blades
   317 | D:1      | Reached XP level 3. HP: 13/20 MP: 2/4
   320 | D:1      | Reached ** piety under Trog
   711 | D:2      | Noticed Sigmund
   726 | D:2      | Killed Sigmund
   727 | D:2      | Reached skill level 4 in Short Blades
   727 | D:2      | Reached XP level 4. HP: 24/24 MP: 2/5
   727 | D:2      | Reached XP level 5. HP: 28/28 MP: 2/6
   871 | D:2      | You fall into a shaft and drop 1 floor!
   883 | D:3      | Noticed Robin
   886 | D:3      | Noticed Natasha
   917 | D:3      | Reached XP level 6. HP: 32/32 MP: 7/7
   919 | D:3      | Killed Natasha
   950 | D:3      | Killed Robin
   954 | D:3      | HP: 1/32 [goblin/+0 dagger[Robin] (2)]
   954 | D:3      | Slain by a goblin

Illustrated notes

Levels and vault maps discovered:
D:1:      scummos_arrival_simple_crosswalls, layout_basic, chequers_avenue,
          st_stairs_5
D:2:      layout_basic, uniq_jessica, uniq_sigmund
D:3:      layout_rooms, chequers_temple_overflow_statue_of_worship,
          nzn_wu_jian_contemplation, serial_shops, shop,
          minmay_misc_feat_square, kennysheep_cluttered_room, uniq_grinder,
          uniq_natasha, uniq_robin

Skill      XL: |  1  2  3 |
---------------+----------+-----
Fighting       | 3 |  3.4
Short Blades   | 3 4 |  4.7
Armour         | 2 |  2.5
Dodging        | 2 |  2.5

Action                     |  1- 3 |  4- 6 || total
---------------------------+-------+-------++-------
  Melee: Short sword       |    79 |    78 ||   157
         Bite              |    25 |    19 ||    44
 Invoke: Trog's Hand       |     1 |     2 ||     3
         Berserk           |     1 |     1 ||     2
   Stab: Sleeping          |     1 |       ||     1
 Armour: Animal skin       |    40 |    72 ||   112
  Dodge: Dodged            |    42 |    64 ||   106
  Block: Other             |       |    23 ||    23

Table legend: (Time is in decaauts)
 A = Elapsed time spent in this place.
 B = Non-inter-level travel time spent in this place.
 C = Inter-level travel time spent in this place.
 D = Time resting spent in this place.
 E = Time spent auto-exploring this place.
 F = Levels seen in this place.
 G = Mean time per level.
                   A        B        C        D        E       F      G
               +--------+--------+--------+--------+--------+-----+--------+
         Total |    935 |    891 |     44 |     38 |    597 |   3 |  311.7 |
       Dungeon |    935 |    891 |     44 |     38 |    597 |   3 |  311.7 |
               +--------+--------+--------+--------+--------+-----+--------+

Top non-repeatable levels by time:
     D:1: 549 daAuts
     D:2: 315 daAuts
     D:3: 70 daAuts
